 Dungeon Crawl Stone Soup version 0.25-a0-279-g53730b6a6f (webtiles) character file.

Game seed: 6325949570190187277, levelgen mode: deterministic

5 Gargoyl the Skirmisher (level 1, -17/19 HPs)
             Began as a Centaur Abyssal Knight on Dec 10, 2019.
             Was a Follower of Lugonu.
             Killed from afar by a guardian serpent (30 damage)
             ... with a bolt of poison
             ... on level 4 of the Abyss.
             The game lasted 00:00:43 (209 turns).

Gargoyl the Skirmisher (Centaur Abyssal Knight)      Turns: 209, Time: 00:00:44

Health: -17/19     AC:  5    Str: 14    XL:     1   Next: 66%
Magic:  2/2        EV:  9    Int: 11    God:    Lugonu [*.....]
Gold:   0          SH:  0    Dex:  8    Spells: 0/0 levels left

rFire    . . .     SeeInvis .   a - +1 hand axe
rCold    . . .     Gourm    .   (no shield)
rNeg     . . .     Faith    .   b - +0 leather armour
rPois    .         Spirit   .   (no helmet)
rElec    .         Reflect  .   (no cloak)
rCorr    .         Harm     .   d - +0 pair of gloves
MR       .....                  (no barding)
Stlth    ..........             (no amulet)
HPRegen  0.06/turn              (no ring)
MPRegen  0.08/turn              (no ring)

@: lethally poisoned (-17 -> -30), very quick
A: large, hooves 3, deformed body, speed 2, tough skin 3
a: Depart the Abyss, Renounce Religion


You were on level 4 of the Abyss.
You worshipped Lugonu.
Lugonu was aware of your devotion.
You were not hungry.

You visited 0 branches of the dungeon, and saw 0 of its levels.
You visited the Abyss 1 time.

Inventory:

Hand Weapons
 a - a +1 hand axe (weapon)
Armour
 b - a +0 leather armour (worn)
 d - a +0 pair of gloves (worn)
Comestibles
 c - a ration


   Skills:
 + Level 3.2 Fighting
 + Level 1.8 Axes
 + Level 1.4 Armour
 + Level 0.6 Dodging
 + Level 2.0 Invocations


You couldn't memorise any spells.
You didn't know any spells.
Your spell library was empty.

Dungeon Overview and Level Annotations

Branches:
Dungeon (0/15)

Altars:


Innate Abilities, Weirdness & Mutations

You have hooves in place of feet.
Armour fits poorly on your strangely shaped body.
You cover ground very quickly.
You have extremely tough skin. (AC +3)


Message History

You feel more attuned to fire.
e - a ring of fire (left hand)
You remove your ring of fire.
You drop an uncursed ring of fire.
Found a gateway leading deeper into the Abyss.
A starcursed mass comes into view.
A starcursed mass splits.
Found a scroll labeled COEZOSU CAKLAC.
A wraith comes into view.
There is a gateway leading deeper into the Abyss here.
You plunge deeper into the Abyss.
The abyssal rune of Zot can be found at this depth.
Found a scroll labeled COEZOSU CAKLAC.
A guardian serpent comes into view.
The guardian serpent shouts!
The guardian serpent casts a spell at you.
The bolt of poison hits you!!
You are poisoned.
Ouch! That really hurt!
You die...

## .. ##. .
.#..##...## .#
....#.....## ...
...S...... ....
...#.#..?#.....
#....#.§.....
##...@# §.
#.....#.#.#. .
###.......... #..
#............
#..#..##........
#....#.........
.........#....##..
.#.............. #
..##...........#.


You could see a guardian serpent.

Vanquished Creatures
  An ufetubus (Abyss:2)
1 creature vanquished.

Notes
Turn   | Place    | Note
-------+----------+-------------------------------------------
     0 | Abyss:1  | Gargoyl the Centaur Abyssal Knight began the quest for the
                  | Orb.
     0 | Abyss:1  | Reached XP level 1. HP: 19/19 MP: 2/2
    80 | Abyss:2  | Noticed a large abomination
   101 | Abyss:2  | Noticed a small abomination
   102 | Abyss:2  | Noticed a small abomination
   105 | Abyss:2  | Noticed a stone giant skeleton
   148 | Abyss:2  | Noticed a chaos spawn
   193 | Abyss:3  | Noticed a starcursed mass
   202 | Abyss:3  | Noticed a wraith
   207 | Abyss:4  | Noticed a guardian serpent
   209 | Abyss:4  | Killed from afar by a guardian serpent

Levels and vault maps discovered:
Abyss:4:  nicolae_abyss_rune_left_handed, evilmike_abyss_exit_13

Action                   || total
-------------------------++-------
Melee: Hand axe          ||     4
       Kick              ||     3
  Use: Scroll            ||     1
       Potion            ||     1
Armor: Leather armour    ||     1
Dodge: Dodged            ||     4

Table legend:
 A = Non-vault XP
 B = Vault XP
 C = Vault XP percentage of total XP
 D = Non-vault monster count
 E = Vault monster count
 F = Vault count percentage of total count
                 A         B        C        D         E       F
            +---------+---------+-------+---------+---------+-------
      Total |       8 |       0 |   0.0 |       1 |       0 |   0.0
            +---------+---------+-------+---------+---------+-------
    Abyss:2 |       8 |       0 |   0.0 |       1 |       0 |   0.0
            +---------+---------+-------+---------+---------+-------
